Map: Cerulean Fall LE

Players

MaSa

  • Race: Terran Terran
  • Spawn Location: 1:00

TRUE - Winner!

  • Race: Zerg Zerg
  • Spawn Location: 7:00

Event: WCS Montreal 2018

VOD

Have the link to the VOD?

Description

Time

  • Played on: Sept. 7, 2018, 7:19 p.m.
  • Length: 19:04

All games in this series

Show
View Real Time Build Order
Export as new Build Order

MaSa Terran 

Build Orders:  

Get SALT Encoding   

  12  0:00  SCV  
  13  0:13  Supply Depot  
  13  0:18  SCV  
  14  0:30  SCV  
  15  0:38  Barracks  
  15  0:44  Refinery  
  15  0:48  SCV  
  16  0:55  Refinery  
  16  1:00  SCV  
  17  1:12  SCV  
  18  1:24  Reaper  
  18  1:25  Orbital Command  
  19  1:34  Bunker  
  19  1:43  Supply Depot  
  19  1:54  Factory  
  19  1:58  Marine  
  20  2:01  SCV  
  21  2:13  SCV  
  22  2:25  SCV  
  23  2:35  Command Center  
  23  2:39  SCV  
  23  2:40  Factory Reactor  
  24  2:49  Starport  
  24  2:51  SCV  
  24  2:57  Supply Depot  
  25  3:03  SCV  
  26  3:15  SCV  
  26  3:16  Hellion x2  
  31  3:24  Starport Tech Lab  
  31  3:27  SCV  
  32  3:35  Marine  
  32  3:39  SCV  
  38  3:46  Cyclone, Banshee  
  39  3:52  Cyclone  
  39  3:53  Marine  
  40  4:02  SCV  
  37  4:04  Orbital Command  
  35  4:14  SCV  
  32  4:24  Orbital Command  
  32  4:26  SCV  
  31  4:33  Banshee  
  31  4:35  Cloaking Field  
  31  4:38  SCV  
  34  4:43  Barracks Tech Lab  
  34  4:47  Hellion  
  34  4:49  Hellion  
  38  4:54  SCV x2  
  38  4:56  Supply Depot  
  40  5:03  Marine  
  40  5:06  SCV x2  
  43  5:12  Hellion  
  45  5:18  SCV, Hellion  
  45  5:20  SCV  
  49  5:31  SCV  
  49  5:34  SCV  
  51  5:35  Supply Depot  
  51  5:43  SCV  
  51  5:46  SCV  
  51  5:49  Supply Depot  
  53  5:51  Armory  
  53  5:55  SCV  
  53  5:57  Banshee  
  54  6:01  SCV  
  58  6:07  SCV  
  59  6:13  SCV  
  60  6:20  SCV  
  60  6:21  Cyclone x2  
  67  6:28  Supply Depot, SCV  
  67  6:31  Supply Depot  
  68  6:37  SCV  
  68  6:38  Command Center  
  69  6:40  SCV  
  69  6:41  Terran Vehicle Weapons Level 1  
  70  6:49  Supply Depot  
  70  6:50  SCV  
  70  6:51  Refinery  
  70  6:53  Refinery, SCV  
  72  7:00  Factory  
  72  7:02  Barracks Tech Lab, SCV  
  72  7:06  Starport Reactor  
  73  7:08  Factory  
  73  7:10  Hellion  
  73  7:11  SCV  
  73  7:14  SCV  
  77  7:22  Supply Depot  
  79  7:23  SCV, Hellion  
  79  7:26  SCV  
  81  7:31  Barracks Tech Lab  
  81  7:35  SCV  
  82  7:38  SCV  
  82  7:43  Hellion  
  85  7:44  Supply Depot  
  85  7:47  SCV  
  85  7:49  Hellion  
  85  7:51  SCV  
  89  7:58  Factory, Medivac x2  
  93  7:59  Factory  
  93  8:03  SCV  
  94  8:07  Thor  
  94  8:10  Refinery  
  96  8:17  SCV x2  
  96  8:18  Refinery  
  98  8:26  Orbital Command  
  98  8:27  Thor  
  98  8:28  Hellion x2  
  98  8:31  SCV x2  
  110  8:41  Engineering Bay  
  110  8:42  Supply Depot  
  110  8:43  SCV x2  
  110  8:47  Factory Reactor  
  112  8:48  Terran Vehicle Weapons Level 2  
  112  8:50  Hellion  
  112  8:54  Liberator  
  112  8:55  SCV  
  115  8:56  Siege Tank  
  115  9:01  SCV  
  115  9:02  SCV  
  120  9:07  Siege Tank, Hellion  
  120  9:08  Supply Depot  
  120  9:09  Supply Depot  
  128  9:20  Hellion  
  128  9:23  Command Center  
  130  9:26  Armory  
  130  9:29  Hellion  
  130  9:30  Hellion  
  134  9:37  Siege Tank, Supply Depot  
  137  9:42  Liberator x2  
  137  9:44  Hellion x2  
  137  9:45  Siege Tank  
  144  9:55  Hellion  
  144  9:56  Hellion  
  154  10:06  Infernal Pre-Igniter  
  154  10:09  Supply Depot, SCV x2  
  154  10:10  Supply Depot  
  154  10:11  Supply Depot  
  154  10:14  Terran Vehicle And Ship Armor Level 1  
  154  10:17  SCV  
  154  10:20  Sensor Tower  
  155  10:21  SCV  
  155  10:22  SCV  
  157  10:31  Siege Tank x2, SCV, Liberator  
  164  10:41  Planetary Fortress  
  164  10:42  Hellion x2  
  168  10:44  Hellion  
  173  10:53  Hellion  
  173  10:55  Refinery, SCV x3  
  173  10:56  Refinery  
  178  11:04  Siege Tank, Hellion  
  183  11:07  SCV  
  184  11:14  Hellion x4  
  184  11:17  Liberator  
  192  11:23  Hellion  
  180  11:35  Siege Tank x2, Hellion x3  
  180  11:36  Siege Tank  
  186  11:42  Command Center  
  186  11:45  Hellion  
  188  11:48  Rapid Fire Launchers  
  188  11:56  Hellion, Cyclone, Command Center  
  188  11:57  Hellion  
  195  12:05  Terran Vehicle Weapons Level 3  
  195  12:09  Hellion x2  
  195  12:13  Siege Tank  
  195  12:15  Hellion  
  196  12:21  Liberator  
  191  12:35  Hellion  
  191  12:36  Hellion  
  180  12:37  Hellion  
  180  12:38  Siege Tank  
  180  12:39  Siege Tank  
  145  13:01  SCV  
  145  13:02  Hellion  
  127  13:06  Supply Depot, Hellion  
  127  13:07  Supply Depot  
  127  13:08  Supply Depot, Hellion  
  127  13:09  Supply Depot  
  115  13:16  Liberator  
  115  13:18  Hellion x2  
  116  13:28  SCV  
  116  13:29  SCV, Hellion  
  110  13:45  Thor x2  
  110  13:47  SCV  
  62  14:07  Thor  
  62  14:08  Orbital Command  
  68  14:15  Hellion  
  68  14:16  SCV  
  71  14:22  Medivac  
  71  14:32  Engineering Bay  
  64  14:41  SCV  
  64  14:47  SCV  
  64  14:48  SCV  
  65  14:54  SCV  
  65  14:58  Thor x3  
  67  15:05  Barracks  
  66  15:11  Siege Tank  
  66  15:13  SCV  
  70  15:17  Medivac  
  70  15:20  SCV  
  70  15:23  SCV  
  71  15:29  Missile Turret  
  71  15:30  SCV  
  71  15:35  SCV  
  73  15:41  Siege Tank  
  73  15:42  SCV  
  77  15:45  SCV  
  77  15:47  SCV  
  79  15:50  Medivac  
  81  15:58  Siege Tank  
  81  16:03  SCV  
  74  16:04  Orbital Command  
  73  16:12  Thor  
  73  16:15  SCV  
  73  16:17  SCV  
  81  16:25  Refinery  
  81  16:27  Refinery, SCV  
  81  16:29  SCV  
  81  16:32  SCV  
  84  16:38  Hellion x3  
  84  16:39  SCV  
  91  16:41  SCV  
  91  16:46  Siege Tank  
  88  16:47  Viking  
  88  16:50  SCV  
  88  16:51  SCV  
  88  16:53  SCV  
  93  16:58  Thor  
  99  17:03  Hellion x3  
  97  17:09  Hellion x4  
  97  17:11  SCV x2  
  97  17:12  SCV  
  108  17:19  Viking  
  108  17:22  Viking  
  112  17:23  SCV x2  
  112  17:28  Refinery  
  112  17:29  Refinery  
  114  17:31  SCV  
  114  17:35  Supply Depot  
  115  17:37  Supply Depot, Hellion  
  117  17:44  Thor x3  
  117  17:57  Liberator  
  107  17:58  SCV x2  
  107  18:05  Command Center  
  109  18:06  Supply Depot  
  109  18:11  Hellion  
  108  18:23  Hellion  
  108  18:27  Siege Tank  
  108  18:28  Siege Tank  
  108  18:29  Supply Depot  
  108  18:30  Supply Depot  
  108  18:33  SCV x2  
  116  18:36  Sensor Tower  
  116  18:42  Command Center  
  117  18:55  Missile Turret  
Show
View Real Time Build Order
Export as new Build Order

TRUE Zerg - Winner!

Build Orders: Pool First, Roach Hydra 

Get SALT Encoding   

  12  0:00  Drone  
  13  0:12  Overlord  
  13  0:17  Drone  
  14  0:31  Drone x2  
  14  0:35  Drone  
  17  0:46  Spawning Pool  
  17  0:48  Extractor  
  17  0:49  Drone  
  16  0:55  Drone  
  17  1:17  Hatchery  
  16  1:19  Drone  
  17  1:33  Queen  
  17  1:34  Zergling x2  
  20  1:46  Drone x2  
  22  1:54  Roach Warren  
  21  2:03  Overlord  
  20  2:25  Drone  
  21  2:34  Roach x3  
  27  2:38  Queen  
  27  2:40  Overlord  
  27  2:43  Drone  
  30  2:47  Drone  
  30  2:50  Drone  
  32  2:55  Ravager  
  32  2:56  Ravager  
  34  3:03  Drone x2  
  34  3:04  Ravager  
  37  3:06  Drone  
  37  3:09  Drone  
  39  3:13  Drone  
  39  3:14  Drone  
  39  3:18  Drone  
  39  3:19  Drone  
  43  3:25  Overlord  
  43  3:33  Overlord  
  43  3:40  Overlord  
  43  3:42  Queen  
  43  3:43  Drone  
  46  3:50  Drone x3  
  49  4:00  Drone x2  
  49  4:02  Drone x2  
  53  4:07  Drone x2  
  53  4:08  Queen  
  57  4:14  Overlord  
  51  4:32  Queen  
  51  4:33  Overlord  
  51  4:34  Drone  
  51  4:35  Drone x2  
  53  4:42  Roach x4  
  53  4:43  Roach x2  
  53  4:44  Queen  
  67  4:47  Overlord  
  67  4:50  Drone  
  68  4:54  Extractor  
  68  4:55  Extractor  
  68  4:56  Drone  
  67  5:05  Drone x2  
  69  5:07  Hatchery  
  69  5:11  Lair  
  69  5:12  Drone x4  
  72  5:18  Metabolic Boost  
  72  5:19  Evolution Chamber  
  72  5:20  Drone  
  72  5:22  Drone  
  72  5:23  Drone  
  72  5:26  Drone  
  75  5:29  Drone  
  75  5:34  Queen  
  78  5:35  Overlord  
  78  5:45  Zerg Ground Armor Level 1  
  78  5:47  Overlord  
  78  5:51  Roach x4  
  78  5:53  Roach  
  78  5:55  Roach  
  90  6:01  Overlord  
  90  6:03  Spore Crawler  
  89  6:05  Spore Crawler  
  89  6:09  Overseer  
  86  6:16  Drone  
  86  6:17  Drone x7  
  92  6:20  Queen  
  92  6:29  Extractor  
  91  6:33  Drone x2  
  91  6:39  Drone x2  
  95  6:42  Glial Reconstitution  
  95  6:44  Hatchery  
  94  6:49  Hatchery  
  93  6:56  Overlord  
  93  7:02  Evolution Chamber  
  93  7:05  Overlord  
  92  7:09  Overlord  
  92  7:10  Drone  
  92  7:11  Drone x8  
  92  7:15  Infestation Pit  
  100  7:16  Queen  
  100  7:17  Queen  
  105  7:30  Drone x3  
  105  7:32  Spore Crawler, Extractor  
  105  7:35  Extractor  
  104  7:41  Zerg Missile Weapons Level 1, Zerg Ground Armor Level 2  
  104  7:45  Hydralisk Den, Drone  
  104  7:46  Drone x6  
  110  8:08  Hive  
  110  8:11  Roach  
  110  8:12  Roach x8  
  128  8:13  Roach x2  
  128  8:15  Roach  
  128  8:18  Overlord  
  136  8:20  Roach  
  136  8:21  Queen  
  136  8:26  Overlord  
  137  8:28  Overlord  
  137  8:30  Overlord  
  137  8:31  Grooved Spines  
  137  8:44  Overlord  
  137  8:46  Hydralisk x3  
  143  8:48  Hatchery, Hydralisk  
  143  8:50  Hydralisk  
  143  8:52  Hydralisk  
  143  8:54  Hydralisk  
  150  8:57  Hydralisk  
  150  8:59  Hydralisk  
  150  9:02  Hydralisk  
  149  9:04  Hydralisk  
  149  9:09  Hydralisk x2  
  157  9:17  Hydralisk, Drone  
  157  9:18  Hydralisk x2  
  157  9:22  Viper  
  167  9:26  Viper  
  167  9:29  Drone x3  
  167  9:30  Extractor  
  172  9:33  Overlord  
  172  9:37  Zerg Missile Weapons Level 2  
  172  9:46  Extractor, Pneumatized Carapace  
  172  9:51  Overlord  
  171  9:54  Overlord  
  171  9:59  Muscular Augments  
  171  10:05  Drone  
  172  10:15  Zerg Ground Armor Level 3  
  172  10:17  Viper  
  172  10:21  Spore Crawler, Spine Crawler, Drone  
  174  10:29  Hydralisk x4  
  174  10:30  Hydralisk x2  
  174  10:31  Hatchery  
  174  10:32  Roach x2  
  174  10:33  Roach  
  191  10:37  Roach x3  
  191  10:38  Roach  
  199  10:44  Spine Crawler  
  199  10:45  Spine Crawler  
  199  10:46  Roach  
  199  10:59  Spire  
  194  11:11  Overseer  
  162  11:26  Viper x2  
  162  11:27  Drone x3  
  165  11:37  Hydralisk x3  
  165  11:38  Hydralisk x2  
  165  11:39  Drone x5  
  177  11:40  Drone x2  
  177  11:44  Hydralisk x4  
  177  11:45  Hydralisk  
  188  11:48  Drone x7  
  195  12:01  Zerg Missile Weapons Level 3  
  195  12:06  Extractor, Drone x3  
  195  12:07  Roach  
  195  12:08  Spine Crawler, Extractor  
  198  12:10  Roach  
  200  12:18  Roach x2  
  200  12:22  Roach x2  
  200  12:33  Roach  
  200  12:36  Roach  
  199  12:37  Roach x2  
  199  12:38  Roach  
  199  12:39  Roach x2  
  199  12:42  Roach x2  
  199  12:43  Roach  
  199  12:45  Roach x2  
  199  12:49  Roach x2  
  197  12:52  Roach  
  197  12:58  Roach  
  197  13:00  Roach x4  
  195  13:06  Mutalisk  
  195  13:11  Mutalisk x2  
  185  13:17  Mutalisk  
  185  13:19  Mutalisk  
  182  13:20  Mutalisk  
  176  13:27  Mutalisk  
  176  13:30  Mutalisk  
  176  13:31  Mutalisk  
  165  13:38  Mutalisk  
  165  13:40  Mutalisk  
  146  14:01  Hatchery  
  131  14:16  Hydralisk x4, Viper  
  131  14:17  Hydralisk  
  138  14:19  Hydralisk  
  138  14:23  Hydralisk  
  146  14:30  Hydralisk  
  150  14:35  Hydralisk  
  150  14:37  Hydralisk  
  154  14:39  Hydralisk  
  156  14:46  Hydralisk  
  158  15:05  Hydralisk x2  
  158  15:06  Hydralisk  
  162  15:16  Hydralisk  
  162  15:18  Hatchery  
  162  15:20  Hydralisk  
  165  15:26  Hydralisk x2  
  169  15:30  Hydralisk  
  169  15:32  Hydralisk  
  169  15:35  Hydralisk  
  175  15:46  Hatchery  
  170  16:00  Hydralisk  
  170  16:01  Hydralisk x3  
  174  16:08  Hydralisk x2  
  178  16:11  Hydralisk  
  180  16:25  Hydralisk  
  180  16:26  Hydralisk x2  
  180  16:27  Roach  
  188  16:33  Roach  
  188  16:34  Roach  
  192  16:41  Roach x2  
  186  16:49  Roach x2  
  186  16:53  Viper  
  193  17:01  Roach  
  195  17:02  Roach x3  
  191  17:19  Roach x4  
  199  17:34  Spine Crawler  
  198  17:38  Roach  
  200  18:58  Hatchery  
Tags
 
Add a new tag
Caveats
  • Supply blocks, unpowered buildings, or Contaminate may cause inaccurate times.
  • Supply counts are checked every 10 seconds.